Map: Lost and Found LE

Players

lIIllllIIlll (INnoVation) - Winner!

  • Race: Terran Terran
  • League: Master
  • Spawn Location: 7:00

Zest

  • Race: Protoss Protoss
  • League: Master
  • Spawn Location: 1:00

Event: HomeStory Cup XVIII

VOD

Have the link to the VOD?

Description

Time

  • Played on: Nov. 25, 2018, 1 p.m.
  • Length: 6:16

All games in this series

Show
View Real Time Build Order
Export as new Build Order

lIIllllIIlll Terran - Winner!

Build Orders: Cyclone Opening 

Get SALT Encoding   

  12  0:00  SCV  
  13  0:12  SCV  
  14  0:17  Supply Depot  
  14  0:24  SCV  
  15  0:39  SCV  
  15  0:41  Barracks  
  16  0:45  Refinery  
  16  0:51  SCV  
  16  0:55  Refinery  
  17  1:03  SCV  
  18  1:15  SCV  
  19  1:27  Reaper, Orbital Command  
  20  1:35  Supply Depot  
  20  1:42  Factory  
  20  1:53  SCV  
  21  2:00  Barracks Reactor  
  21  2:05  SCV  
  22  2:09  Factory  
  22  2:17  SCV  
  23  2:25  Factory Tech Lab  
  23  2:29  SCV  
  24  2:30  Supply Depot  
  24  2:35  Marine x2  
  26  2:41  SCV  
  27  2:44  Cyclone  
  30  2:52  Mag-Field Accelerator  
  30  3:00  Widow Mine x2, Marine  
  30  3:04  Supply Depot  
  35  3:09  SCV  
  36  3:18  Cyclone  
  39  3:25  Marine  
  39  3:26  Widow Mine  
  42  3:28  Widow Mine  
  42  3:31  Supply Depot  
  44  3:44  Marine  
  44  3:57  Bunker  
  44  4:01  Cyclone  
  46  4:02  Widow Mine  
  46  4:03  Widow Mine  
  46  4:04  SCV  
  43  4:22  Bunker  
  43  4:23  Bunker  
  42  4:25  Widow Mine  
  42  4:29  Marine, SCV  
  46  4:41  SCV  
  46  4:49  Widow Mine, Cyclone  
  47  4:53  SCV  
  47  4:58  Marine  
  47  5:05  Supply Depot  
  51  5:14  Widow Mine x2  
  51  5:16  Marine  
  52  5:23  Cyclone  
  55  5:29  SCV  
  55  5:35  Marine  
  50  5:39  Supply Depot  
  50  5:40  Widow Mine x2  
  55  5:54  Marine  
  59  6:03  SCV  
  64  6:07  Supply Depot  
Show
View Real Time Build Order
Export as new Build Order

Zest Protoss 

Build Orders: 1 Gate Expand, Oracle Opening 

Get SALT Encoding   

  12  0:00  Probe  
  13  0:12  Probe  
  14  0:18  Pylon  
  14  0:23  Probe  
  15  0:32  Probe  
  15  0:36  Gateway  
  15  0:40  Probe  
  16  0:45  Assimilator  
  17  0:51  Probe  
  18  1:03  Probe  
  19  1:18  Nexus  
  19  1:28  Cybernetics Core  
  19  1:31  Probe  
  20  1:35  Assimilator  
  20  1:43  Probe  
  20  1:46  Pylon  
  21  1:55  Adept, Probe  
  22  2:05  Warp Gate  
  22  2:07  Probe  
  24  2:19  Probe  
  25  2:23  Adept  
  25  2:25  Stargate  
  27  2:30  Probe  
  27  2:31  Probe  
  29  2:42  Probe  
  29  2:43  Probe  
  31  2:50  Stalker  
  33  2:55  Probe x2  
  35  2:59  Oracle  
  35  3:07  Probe  
  35  3:08  Probe  
  35  3:11  Gateway  
  40  3:19  Pylon  
  41  3:20  Probe x2  
  42  3:27  Stalker  
  42  3:28  Oracle  
  42  3:32  Probe  
  45  3:36  Probe  
  44  4:04  Shield Battery  
  44  4:05  Shield Battery  
  44  4:08  Stalker  
  46  4:12  Stalker  
  46  4:13  Oracle  
  42  4:17  Probe x2  
  42  4:27  Shield Battery  
  42  4:34  Zealot  
  42  4:35  Zealot  
  46  4:40  Oracle  
  36  4:57  Zealot x2  
  36  4:59  Probe x2  
  37  5:09  Oracle  
  37  5:13  Shield Battery, Probe x2  
  39  5:15  Pylon  
  39  5:20  Zealot x2  
  36  5:38  Pylon  
  36  5:41  Zealot x2  
  33  6:02  Stalker x2  
Tags
 
Add a new tag
Caveats
  • Supply blocks, unpowered buildings, or Contaminate may cause inaccurate times.
  • Supply counts are checked every 10 seconds.